 Dungeon Crawl Stone Soup version 0.30-a0-451-ge042605de7 (webtiles) character file.

Game seed: 13278111424805016189

6533 cforsyth the Fighter (level 10, -4/123 (139) HPs)
             Began as a Minotaur Berserker on Dec 12, 2022.
             Was a High Priest of Trog.
             Slain by a spectral orc warlord
             ... wielding a +0 vorpal long sword
             ... summoned by Nergalle
              (16 damage)
             ... on level 10 of the Dungeon.
             The game lasted 00:17:28 (9190 turns).

cforsyth the Fighter (Minotaur Berserker)           Turns: 9190, Time: 00:17:29

HP:   -4/123 (139)  AC: 18    Str: 26    XL:     10   Next: 69%
MP:   9/9           EV:  6    Int:  4    God:    Trog [*****.]
Gold: 739           SH: 15    Dex: 10    Spells: 9/9 levels left

rFire   . . .      SeeInvis .    s - +1 war axe
rCold   . . .      Faith    .    w - +1 tower shield
rNeg    . . .      Spirit   .    m - +0 plate armour
rPois   .          Reflect  .    (helmet restricted)
rElec   .          Harm     .    v - +0 cloak
rCorr   .          Rampage  .    C - +0 pair of gloves
Will    ++...                    f - +0 pair of boots
Stlth   ..........               (no amulet)
HPRegen 0.40/turn                e - ring of willpower
MPRegen 0.11/turn                h - ring of willpower

@: berserking, heavily drained, very quick
A: horns 2, retaliatory headbutt
a: Renounce Religion, Berserk, Trog's Hand, Brothers in Arms


You were on level 10 of the Dungeon.
You worshipped Trog.
Trog was extremely pleased with you.
You visited 1 branch of the dungeon, and saw 10 of its levels.

You collected 739 gold pieces.

Inventory:

Hand Weapons
 a - a +0 hand axe of electrocution
 s - a +1 war axe (weapon)
Missiles
 i - a throwing net (quivered)
Armour
 f - a +0 pair of boots (worn)
 m - a +0 plate armour (worn)
 v - a +0 cloak (worn)
 w - a +1 tower shield (worn)
 C - a +0 pair of gloves (worn)
Jewellery
 e - a ring of willpower (left hand)
 h - a ring of willpower (right hand)
Wands
 t - a wand of polymorph (2)
 y - a wand of roots (11)
 A - a wand of mindburst (39)
 B - a wand of quicksilver (10)
Scrolls
 c - 3 scrolls of identify
 g - 3 scrolls of blinking
 j - a scroll of fear
 o - 5 scrolls of teleportation
 p - 3 scrolls of enchant armour
Potions
 b - 2 potions of lignification
 d - 2 potions of haste
 k - 3 potions of heal wounds {unknown}
 l - a potion of ambrosia {unknown}
 n - 2 potions of might {unknown}
 q - 4 potions of curing
 r - a potion of mutation {unknown}
 u - 2 potions of brilliance {unknown}
 z - a potion of berserk rage {unknown}
 D - 2 potions of resistance {unknown}
 E - a potion of flight {unknown}


   Skills:
 + Level 9.8 Fighting
 + Level 9.7 Axes
 + Level 9.3 Armour
 + Level 8.5 Dodging
 + Level 7.8 Shields


You had 9 spell levels left.
You didn't know any spells.
Your spell library was empty.

Dungeon Overview and Level Annotations

Branches:
Dungeon (10/15)            Temple (0/1) D:5            Lair (0/5) D:8
    Orc (0/2) D:9

Altars:
Gozag
Qazlal

Shops:
D:1 (   D:5 (   D:9 *((=

Annotations:
D:10 Nergalle


Innate Abilities, Weirdness & Mutations

You have a pair of horns on your head.
You reflexively headbutt those who attack you in melee.


Message History

You hit the spectral orc warrior but do no damage.
The spectral orc warlord hits you with a +0 vorpal long sword.
* * * LOW HITPOINT WARNING * * *
You feel drained.
* * * LOW HITPOINT WARNING * * *
x2 You block something's attack.
You block the spectral orc warrior's attack.
Unknown command.
You miss something. Your headbutt misses something.
You hit the spectral orc warlord. You slash the spectral orc warrior!
The spectral orc warlord hits you with a +0 vorpal long sword!
* * * LOW HITPOINT WARNING * * *
x2 You block the spectral orc warlord's attack.
You hear some strange, mumbled words.
Orcish apparitions take form around you.
The spectral orc warrior hits you but does no damage.
Unknown command.
You hit something.
You hit the spectral orc warlord but do no damage.
You slash the spectral orc warrior!
You destroy the spectral orc warrior!
The spectral orc warrior disappears in a puff of smoke!
The spectral orc warlord barely misses you.
You furiously retaliate!
You headbutt the spectral orc warlord!!
Unknown command.
You slash something! You slash the spectral orc warlord!
You hear some strange, mumbled words.
A bolt of negative energy appears from out of thin air!
The bolt of negative energy hits you!
You feel drained.
* * * LOW HITPOINT WARNING * * *
The spectral orc warlord barely misses you.
Unknown command.
You hit something. You slash the spectral orc warlord!
You hit the spectral orc warrior but do no damage.
The spectral orc warlord hits you but does no damage.
The spectral orc warrior unwields a +0 arbalest.
The spectral orc warrior hits you but does no damage.
Something hits you but does no damage.
The spectral orc warlord hits you with a +0 vorpal long sword!
You die...

.... ##+### .... #.....
..... #.....
#....##########+###.....
................†....###
........##......†....###
......Z{##.)..#.††......
#.....@##>...#.........
.......Z..)...#.........
........................
########################


You could see a spectral orc warrior (summoned) and a spectral orc warlord
(summoned, fast).

Vanquished Creatures
  A two-headed ogre (D:9)
  A cyclops (D:9)
  2 hornets
  2 trolls
  8 yaks
  The ghost of hito the Trooper, an amateur DsRe (D:4)
  A steam dragon (D:8)
  An orc warrior (D:7)
  2 black bears
  An ice beast (D:8)
  A sky beast (D:6)
  3 ogres (D:5)
  A centaur (D:8)
  A phantom (D:4)
  2 necrophages
  3 scorpions
  5 bullfrogs
  A gnoll sergeant (D:10)
  5 wights (D:8)
  4 killer bees (D:9)
  5 howler monkeys
  3 hounds
  A jelly (D:5)
  10 orc priests
  5 iguanas
  12 orc wizards
  6 gnolls
  12 adders
  A shadow imp (D:5)
  2 white imps (D:6)
  A worm (D:4)
  3 dart slugs
  36 orcs
  3 ball pythons
  8 bats
  7 endoplasms
  3 giant cockroaches
  9 hobgoblins
  3 jackals (D:4)
  7 kobolds
  6 quokkas
  5 frilled lizards
  8 goblins
  14 rats
216 creatures vanquished.

Vanquished Creatures (others)
  9 plants (D:8)
9 creatures vanquished.

Grand Total: 225 creatures vanquished

Notes
Turn   | Place    | Note
-------+----------+-------------------------------------------
     0 | D:1      | cforsyth the Minotaur Berserker began the quest for the
                  | Orb.
     0 | D:1      | Reached XP level 1. HP: 19/19 MP: 0/0
   100 | D:1      | Reached XP level 2. HP: 22/27 MP: 1/1
   494 | D:1      | Reached XP level 3. HP: 33/33 MP: 2/2
   667 | D:1      | Found Ijeinus's Antique Weapon Boutique.
   911 | D:2      | Reached ** piety under Trog
  1122 | D:2      | Found a faded altar of an unknown god.
  1287 | D:2      | Reached XP level 4. HP: 35/40 MP: 3/3
  1793 | D:3      | Reached XP level 5. HP: 47/47 MP: 4/4
  2034 | D:4      | Reached *** piety under Trog
  2035 | D:4      | Reached skill level 5 in Axes
  2076 | D:4      | Reached skill level 5 in Fighting
  2168 | D:4      | Noticed a phantom
  2188 | D:4      | Killed a phantom
  2189 | D:4      | Reached XP level 6. HP: 46/56 MP: 5/5
  2286 | D:4      | Found a runed translucent door.
  2545 | D:4      | Reached skill level 5 in Armour
  2545 | D:4      | Reached skill level 1 in Shields
  2545 | D:4      | Reached XP level 7. HP: 41/62 MP: 6/6
  3055 | D:4      | Noticed hito's ghost (amateur DsRe)
  3076 | D:4      | Killed hito's ghost
  3443 | D:5      | Entered Level 5 of the Dungeon
  3454 | D:5      | Reached skill level 5 in Dodging
  3485 | D:5      | Found Lijudofo's Weapon Shop.
  3609 | D:5      | Found a staircase to the Ecumenical Temple.
  3652 | D:5      | Reached XP level 8. HP: 63/71 MP: 7/7
  4525 | D:6      | Found an opulent altar of Gozag.
  4841 | D:6      | Reached **** piety under Trog
  5392 | D:7      | Found a stormy altar of Qazlal.
  5528 | D:7      | Reached XP level 9. HP: 51/80 MP: 8/8
  5533 | D:7      | Reached skill level 5 in Shields
  5557 | D:7      | Noticed a troll
  5564 | D:7      | Killed a troll
  6489 | D:8      | Found a staircase to the Lair.
  7362 | D:8      | Reached XP level 10. HP: 79/90 MP: 9/9
  7743 | D:9      | Found Maal Do Umm's Jewellery Emporium.
  7777 | D:9      | Found a staircase to the Orcish Mines.
  7796 | D:9      | Noticed a two-headed ogre
  7807 | D:9      | Killed a two-headed ogre
  7904 | D:9      | Reached ***** piety under Trog
  8242 | D:9      | Found Esmabury's Weapon Shop.
  8260 | D:9      | Found Wuoq's Antique Weapon Shoppe.
  8266 | D:9      | Found Fimatze's General Store.
  8275 | D:9      | Noticed a cyclops
  8284 | D:9      | Killed a cyclops
  8852 | D:10     | Entered Level 10 of the Dungeon
  9132 | D:10     | Noticed Nergalle
  9177 | D:10     | Noticed a spectral orc warlord
  9190 | D:10     | Slain by a spectral orc warlord

Illustrated notes

Levels and vault maps discovered:
D:1:      psy_arrival_radial01, layout_basic, serial_shops, shop_fountains
D:2:      layout_rooms, shapermc_ecumenical_altar_pompeii,
          minmay_rat_gold_closets
D:3:      layout_rooms
D:4:      layout_basic, ebering_ghost_sewer_d
D:5:      layout_rooms, temple_hall, serial_shops,
          nicolae_shop_bloodbath_and_beyond
D:6:      layout_loops_corners, grunt_gozag_breadcrumbs, serial_glass,
          glass_columns_a, glass_columns_c, glass_columns_a, glass_columns_c,
          glass_columns_b, glass_columns_a, glass_columns_c, glass_columns_b,
          glass_columns_b, glass_columns_a, item_on_display_a
D:7:      layout_loops_ring, nicolae_qazlal_style_of_elements
D:8:      layout_basic, lair_entry_dummy, serial_bayou_lagoon_a
D:9:      layout_cross, orc_0_dummy, serial_shops,
          nicolae_shop_competitors_out_of_business, shop, shop, shop_coins,
          nicolae_concentric_dashed_squares_mild
D:10:     layout_stronghold, gammafunk_temple_overflow_arena,
          serial_column_ruins, column_ruins_corridor_straight,
          column_ruins_open_tiny, column_ruins_open_small,
          column_ruins_open_tiny, column_ruins_open_medium, uniq_sonja,
          uniq_nergalle

Skill      XL: |  1  2  3  4  5  6  7  8  9 10 |
---------------+-------------------------------+-----
Axes           | 4 5 6 7 8 9 |  9.7
Fighting       | 4 5 6 7 8 9 |  9.8
Armour         | 3 4 5 7 8 9 |  9.3
Dodging        | 3 4 5 6 7 8 |  8.5
Shields        | 1 3 4 6 7 |  7.8

Action                   |  1- 3 |  4- 6 |  7- 9 | 10-12 || total
-------------------------+-------+-------+-------+-------++-------
Melee: Hand axe          |   112 |   132 |   166 |       ||   410
       Headbutt          |    15 |    22 |    48 |    18 ||   103
       Punch             |     1 |       |       |       ||     1
       War axe           |       |       |   120 |   122 ||   242
Invok: Berserk           |       |     1 |     2 |     2 ||     5
  Use: Scroll            |       |       |    13 |     3 ||    16
 Stab: Sleeping          |     1 |       |       |       ||     1
Armor: Animal skin       |    28 |       |       |       ||    28
       Plate armour      |    16 |    93 |   151 |    77 ||   337
Dodge: Dodged            |    66 |    45 |    57 |    33 ||   201
Block: Tower shield      |       |    16 |   197 |   122 ||   335

Table legend: (Time is in decaauts)
 A = Elapsed time spent in this place.
 B = Non-inter-level travel time spent in this place.
 C = Inter-level travel time spent in this place.
 D = Time resting spent in this place.
 E = Time spent auto-exploring this place.
 F = Levels seen in this place.
 G = Mean time per level.
                   A        B        C        D        E       F      G
               +--------+--------+--------+--------+--------+-----+--------+
         Total |   9427 |   9088 |    339 |    865 |   6580 |  10 |  942.7 |
       Dungeon |   9427 |   9088 |    339 |    865 |   6580 |  10 |  942.7 |
               +--------+--------+--------+--------+--------+-----+--------+

Top non-repeatable levels by time:
     D:4: 1619 daAuts
     D:9: 1300 daAuts
     D:8: 1200 daAuts
     D:7: 1112 daAuts
     D:5: 1016 daAuts
     D:6: 939 daAuts
     D:1: 857 daAuts
     D:2: 572 daAuts
     D:3: 457 daAuts
    D:10: 351 daAuts
